 Dungeon Crawl Stone Soup version 0.21-a0-229-g3587535 (console) character file.

119 Duffy the Chopper (level 5, 42/42 HPs)
             Began as a Hill Orc Fighter on Sept 1, 2017.
             Was a Follower of Hepliaklqana.
             Quit the game on level 2 of the Dungeon.
             The game lasted 00:02:02 (1756 turns).

Duffy the Chopper (Hill Orc Fighter)                Turns: 1756, Time: 00:02:03

Health: 42/42      AC:  9    Str: 20    XL:     5   Next: 3%
Magic:  5/5        EV:  7    Int:  8    God:    Hepliaklqana [*.....]
Gold:   153        SH:  9    Dex: 10    Spells: 4/4 levels left

rFire    . . .     SeeInvis .   a - +0 war axe
rCold    . . .     Gourm    .   c - +0 shield
rNeg     . . .     Faith    .   b - +0 scale mail
rPois    .         Spirit   .   (no helmet)
rElec    .         Reflect  .   (no cloak)
rCorr    .         Harm     .   e - +1 pair of gloves
MR       +....                  (no boots)
Stlth    ..........             (no amulet)
HPRegen  0.14/turn              k - ring of protection from magic
MPRegen  0.09/turn              (no ring)

@: no status effects
A: reduced essence
a: Recall Ancestor, Ancestor Identity, Renounce Religion


You were on level 2 of the Dungeon.
You worshipped Hepliaklqana.
Hepliaklqana was aware of your devotion.
You were not hungry.

You visited 1 branch of the dungeon, and saw 2 of its levels.

You collected 153 gold pieces.

Inventory:

Hand Weapons
 a - a +0 war axe (weapon)
Armour
 b - a +0 scale mail (worn)
 c - a +0 shield (worn)
 e - a +1 pair of gloves (worn)
Jewellery
 k - a ring of protection from magic (left hand)
Scrolls
 i - a scroll of remove curse {unknown}
 l - 2 scrolls of identify {unknown}
 o - 3 scrolls of fear {unknown}
Potions
 d - 2 potions of might
 g - a potion of ambrosia {unknown}
 h - a potion of curing {unknown}
 j - a potion of brilliance {unknown}
 m - a potion of agility {unknown}
Comestibles
 f - 5 bread rations
 n - 2 chunks of flesh


   Skills:
 + Level 4.3 Fighting
 * Level 4.7 Axes
 + Level 3.9 Armour
 + Level 4.0 Shields


You had 4 spell levels left.
You didn't know any spells.

Dungeon Overview and Level Annotations

Branches:
Dungeon (2/15)

Altars:
Hepliaklqana
Qazlal
The Shining One


Message History

There is an open door here.
As you open the door, it creaks loudly!
There is an open door here.
A rat comes into view.
The rat closely misses you. What are your orders? t - Shout!
Orders for allies: a - Attack new target. r - Retreat! s - Stop attacking. g - Guard the area. f - Follow me.
Anything else - Cancel.
Gang up on whom?
Press: ? - help, Dir - move target cursor, f - rat
Aim: a rat Attack!
The rat bites you but does no damage.
Ara hits the rat.
The rat dies!
You see here a rat corpse.
You butcher the rat corpse.
n - 2 chunks of flesh (gained 1) Are you sure you want to abandon this character and quit the game? (Confirm with "yes".)

#......... ########
#......... #......#
#...<..... #......#
#......... #......#
####...... #......#
##..###. #......#
#...# #. #...R..#
#..####. #..@...#
#.......
#......#######.####.
##...##....###.#####
#...++....'........
#...##....###.#####
##+######## #.#
#######'####
#...##.....#
#..........#


You could see the friendly Ara the ancestor.

Vanquished Creatures
  An adder (D:2)
  9 oozes
  3 worms
  4 dart slugs
  A leopard gecko (D:1)
  A ball python (D:1)
  6 bats
  4 giant cockroaches (D:1)
  3 goblins
  A hobgoblin (D:1)
  8 jackals (D:1)
  2 frilled lizards
  4 kobolds
  9 rats
56 creatures vanquished.

Vanquished Creatures (collateral kills)
  A rat (D:2)
1 creature vanquished.

Grand Total: 57 creatures vanquished

Notes
Turn   | Place    | Note
-------+----------+-------------------------------------------
     0 | D:1      | Duffy the Hill Orc Fighter began the quest for the Orb.
     0 | D:1      | Reached XP level 1. HP: 19/19 MP: 1/1
     1 | D:1      | Found a runed door.
    20 | D:1      | Reached XP level 2. HP: 27/27 MP: 2/2
    33 | D:1      | Reached XP level 3. HP: 32/33 MP: 3/3
   199 | D:1      | Reached XP level 4. HP: 40/40 MP: 4/4
   420 | D:1      | Found a glowing golden altar of the Shining One.
  1054 | D:2      | Found a stormy altar of Qazlal.
  1056 | D:2      | Noticed a water elemental
  1057 | D:2      | Noticed an earth elemental
  1057 | D:2      | Noticed a fire elemental
  1057 | D:2      | Noticed an air elemental
  1715 | D:2      | Found a faded altar of an unknown god.
  1718 | D:2      | Reached XP level 5. HP: 47/47 MP: 5/5
  1722 | D:2      | Became a worshipper of Hepliaklqana the Forgotten
  1722 | D:2      | Reached * piety under Hepliaklqana
  1756 | D:2      | Quit the game

Vault maps used:
D:1:      dpeg_arrival_caged_fury, tso_altar
D:2:      serial_glass, glass_columns_c, glass_columns_a,
          chequers_ecumenical_altar_lobes, nicolae_qazlal_style_of_elements

Skill      XL: |  1  2  3  4 |
---------------+-------------+-----
Axes           | 3 4 |  4.7
Fighting       | 4 |  4.3
Shields        | 4 |  4.0
Armour         | |  3.9

Action                   |  1- 3 |  4- 6 || total
-------------------------+-------+-------++-------
Melee: War axe           |    58 |    99 ||   157
Invok: Ancestor Identity |       |     1 ||     1
  Eat: Chunk             |       |     3 ||     3
Armor: Scale mail        |    22 |    56 ||    78
Dodge: Dodged            |    17 |    22 ||    39
Block: Shield            |    30 |    54 ||    84

Table legend:
 A = Spawn XP
 B = Non-spawn XP
 C = Spawn XP percentage of total XP
 D = Spawn monster count
 E = Non-spawn monster count
 F = Spawn count percentage of total count
 G = Total turns spent on level
                    A         B        C        D         E        F      G
               +---------+---------+-------+---------+---------+-------+---------
         Total |       6 |     164 |   3.5 |       4 |      53 |   7.0 |  1756
               +---------+---------+-------+---------+---------+-------+---------
           D:1 |       5 |     122 |   3.9 |       3 |      40 |   7.0 |   990
           D:2 |       1 |      42 |   2.3 |       1 |      13 |   7.1 |   766
               +---------+---------+-------+---------+---------+-------+---------
